 Dungeon Crawl Stone Soup version 0.32-a0-921-g04a7ad8e02 (webtiles) character file.

Game seed: 9706036776235364374

100 schwarznadel the Covered (level 4, -2/40 HPs)
             Began as a Mountain Dwarf Fighter on Apr 12, 2024.
             Slain by an ice beast (11 damage)
             ... on level 3 of the Dungeon.
             The game lasted 00:05:01 (2151 turns).

schwarznadel the Covered (Mountain Dwarf Fighter)   Turns: 2151, Time: 00:05:01

Health: -2/40      AC: 14    Str: 20    XL:     4   Next: 46%
Magic:  4/4        EV:  7    Int:  9    God:
Gold:   157        SH:  4    Dex:  9    Spells: 3/3 levels left

rFire   . . .        (no weapon)
rCold   . . .        c - +0 buckler
rNeg    . . .        a - +0 chain mail
rPois   .            (no helmet)
rElec   .            (no cloak)
rCorr   +            q - +0 pair of gloves
SInv    .            (no boots)
Will    .....        (no amulet) Stlth
                     h - ring of resist corrosion
HPRegen 0.26/turn    j - +4 ring of protection
MPRegen 0.09/turn

%: no passive effects
@: no status effects
A: runic magic, artefact enchanting
a: no special abilities


You were on level 3 of the Dungeon.
You visited 1 branch of the dungeon, and saw 3 of its levels.

You collected 157 gold pieces.

Inventory:

Hand Weapons
 v - a +0 battleaxe
Armour
 a - a +0 chain mail (worn)
 c - a +0 buckler (worn)
 q - a +0 pair of gloves (worn)
Jewellery
 h - a ring of resist corrosion (left hand)
 j - a +4 ring of protection (right hand)
 m - a ring of magical power
Wands
 o - a wand of flame (16)
Scrolls
 e - 4 scrolls of identify {unknown}
 f - 2 scrolls of teleportation {unknown}
 g - 2 scrolls of fear {unknown}
 k - 2 scrolls of poison {unknown}
 n - 3 scrolls of enchant armour {unknown}
 r - 2 scrolls of immolation {unknown}
 s - a scroll of fog {unknown}
 t - a scroll of blinking {unknown}
 w - a scroll of silence {unknown}
 y - a scroll of amnesia {unknown}
Potions
 b - a potion of curing {unknown}
 d - a potion of might
 i - 2 potions of invisibility {unknown}
 l - a potion of resistance {unknown}
 p - a potion of heal wounds {unknown}
 u - a potion of lignification {unknown}
 x - a potion of mutation {unknown}


   Skills:
 + Level 3.9 Fighting
 + Level 3.3 Axes
 + Level 3.9 Armour
 + Level 1.1 Dodging
 + Level 3.9 Shields


You had 3 spell levels left.
You didn't know any spells.
Your spell library was empty.

Dungeon Overview and Level Annotations

Branches:
Dungeon (3/15)

Altars:


Innate Abilities, Weirdness & Mutations

Your spellcasting is much less encumbered by armour.
You can use scrolls of enchantment on lesser artefacts.


Message History

You are too injured to fight recklessly!
You are too injured to fight recklessly!
You are too injured to fight recklessly!
You are too injured to fight recklessly!
You are too injured to fight recklessly!
You are too injured to fight recklessly!
You are too injured to fight recklessly!
You are too injured to fight recklessly!
The dart slug attacks as it pursues you!
The dart slug bites you but does no damage.
The ice beast attacks as it pursues you!
You block the ice beast's attack.
There is an open door here.
There is an open door here.
The ice beast attacks as it pursues you!
The ice beast hits you but does no damage.
You see here a quokka corpse.
You hit the ice beast.
The ice beast is lightly wounded.
The ice beast hits you but does no damage.
You barely miss the ice beast.
The ice beast is lightly wounded.
The ice beast hits you but does no damage.
You hit the ice beast but do no damage.
The ice beast is lightly wounded.
You block the ice beast's attack.
You hit the ice beast but do no damage.
The ice beast is lightly wounded.
The ice beast hits you but does no damage.
You closely miss the ice beast.
The ice beast hits you but does no damage.
You hit the ice beast.
The ice beast is lightly wounded.
The ice beast barely misses you.
You completely miss the ice beast.
The ice beast is lightly wounded.
The ice beast hits you.
* * * LOW HITPOINT WARNING * * *
The ice beast freezes you!
You die...

.............####.......##.##.#
#.#######.#..# #.......##.##.#
#.# #.#..# #...........#.# #.#
#.#..# ####..........# #.#
######..### #####......#.#
#.####...##....###...##.#####.#
#..##.....##...##.....### #.#
####.......#...#.......# #.# .#
#..=....'..wY@......# #.# .#
#.......#.[.#.......# #.# .#
##.....##...##.....## #.# .##
##...# #...###...## #.#
..####### #...# ##### #.# ....#
#...# #.# ..### #...# #.# ..#
#...# #.# #.# ######.#


You could see an ice beast and a dart slug.

Vanquished Creatures
  Robin (D:2)
  3 adders (D:2)
  2 dart slugs (D:1)
  A ball python (D:2)
  5 endoplasms
  2 giant cockroaches
  14 goblins
  5 hobgoblins
  4 quokkas
  6 bats
  2 frilled lizards
  2 kobolds
  8 rats
55 creatures vanquished.

Notes
Turn   | Place    | Note
-------+----------+-------------------------------------------
     0 | D:1      | schwarznadel the Mountain Dwarf Fighter began the quest for
                  | the Orb.
     0 | D:1      | Reached XP level 1. HP: 19/19 MP: 1/1
   113 | D:1      | Reached XP level 2. HP: 23/26 MP: 2/2
   723 | D:2      | Noticed Robin
   739 | D:2      | Reached XP level 3. HP: 31/31 MP: 3/3
   772 | D:2      | Killed Robin
   773 | D:2      | Reached skill level 1 in Dodging
   878 | D:2      | Reached XP level 4. HP: 39/40 MP: 4/4
  1867 | D:3      | Found a faded altar of an unknown god.
  1987 | D:3      | Identified the +1 sling "Aguewi" {heavy, Fly}
  2116 | D:3      | Noticed an ice beast
  2151 | D:3      | Slain by an ice beast

Illustrated notes

Levels and vault maps discovered:
D:1:      hellmonk_arrival_library, layout_basic
D:2:      layout_basic, dreamdust_wishing_well, chequers_serial_rivers_marsh,
          uniq_robin
D:3:      kennysheep_six_static_rooms, layout_loops_ring, lemuel_doored_altar,
          basic_ecumenical_altar

Skill      XL: |  1  2  3 |
---------------+----------+-----
Axes           | 3 |  3.3
Dodging        | 1 |  1.1
Fighting       | |  3.9
Armour         | |  3.9
Shields        | |  3.9

Action                     |  1- 3 |  4- 6 || total
---------------------------+-------+-------++-------
  Melee: War axe           |    99 |    32 ||   131
         Unarmed           |       |   109 ||   109
    Use: Potion            |     1 |       ||     1
 Armour: Scale mail        |    75 |    47 ||   122
         Chain mail        |       |    61 ||    61
  Dodge: Dodged            |    55 |    60 ||   115
  Block: Buckler           |    19 |    34 ||    53

Table legend: (Time is in decaauts)
 A = Elapsed time spent in this place.
 B = Non-inter-level travel time spent in this place.
 C = Inter-level travel time spent in this place.
 D = Time resting spent in this place.
 E = Time spent auto-exploring this place.
 F = Levels seen in this place.
 G = Mean time per level.
                   A        B        C        D        E       F      G
               +--------+--------+--------+--------+--------+-----+--------+
         Total |   2204 |   2098 |    106 |      8 |   1481 |   3 |  734.7 |
       Dungeon |   2204 |   2098 |    106 |      8 |   1481 |   3 |  734.7 |
               +--------+--------+--------+--------+--------+-----+--------+

Top non-repeatable levels by time:
     D:2: 884 daAuts
     D:1: 743 daAuts
     D:3: 577 daAuts
